 Dungeon Crawl Stone Soup version 0.29.1 (webtiles) character file.

Game seed: 3607323563707166931

13012 pacmanke6689 the Severer (level 12, -14/106 HPs)
             Began as a Hill Orc Fighter on Sept 13, 2022.
             Was a High Priest of Beogh.
             Demolished by an ogre
             ... wielding a +0 giant club
              (24 damage)
             ... on level 2 of the Orcish Mines.
             The game lasted 00:35:11 (13007 turns).

pacmanke6689 the Severer (Hill Orc Fighter)        Turns: 13007, Time: 00:35:12

Health: -14/106    AC: 19    Str: 27    XL:     12   Next: 1%
Magic:  13/13      EV: 15    Int: 19    God:    Beogh [*****.]
Gold:   966        SH:  6    Dex:  8    Spells: 12/13 levels left

rFire   + + .      SeeInvis .   A - +5 war axe of the Gibberer {drain, rF++}
rCold   . . .      Faith    .   c - +1 buckler
rNeg    . . .      Spirit   .   p - +6 scale mail "Mikaheh" {Int+5}
rPois   .          Reflect  .   B - +0 helmet {Int+3}
rElec   .          Harm     .   (no cloak)
rCorr   .          Rampage  .   f - +0 pair of gloves
Will    .....      Rage     3%  (no boots)
Stlth   ..........              (no amulet)
HPRegen 0.27/turn               g - +4 ring of evasion
MPRegen 0.13/turn               (no ring)

@: on berserk cooldown, slowed, very slow
A: walk on water, iridescent scales 1, berserk 1, clever 1, strong 1, wild magic
1
a: Renounce Religion, Smiting, Recall Orcish Followers, Give Item to Named
Follower


You were on level 2 of the Orcish Mines.
You worshipped Beogh.
Beogh was extremely pleased with you.
You visited 3 branches of the dungeon, and saw 14 of its levels.

You collected 966 gold pieces.

Inventory:

Hand Weapons
 A - the +5 war axe of the Gibberer (weapon) {drain, rF++}
   (You found it on level 6 of the Dungeon)

   A truly terrible weapon, it drains the life of any living foe it strikes.
   rF:        It greatly protects you from fire.
Missiles
 e - 2 throwing nets
Armour
 c - a +1 buckler (worn)
 f - a +0 pair of gloves (worn)
 p - the +6 scale mail "Mikaheh" (worn) {Int+5}
   (You found it on level 9 of the Dungeon)

   Int:       It affects your intelligence (+5).
 B - a +0 helmet of intelligence (worn)
Jewellery
 g - a +4 ring of evasion (left hand)
 j - an amulet of the acrobat
 k - a ring of ice
 r - a +4 ring of protection
Wands
 b - a wand of charming (4)
 d - a wand of flame (41)
 i - a wand of polymorph (11)
 o - a wand of light (20)
 v - a wand of mindburst (31)
Scrolls
 a - 3 scrolls of enchant weapon
 h - a scroll of identify
 m - 7 scrolls of teleportation
 y - a scroll of poison
 C - a scroll of blinking
Potions
 q - 2 potions of flight
 t - 5 potions of brilliance
 w - a potion of attraction
Miscellaneous
 n - a phantom mirror


   Skills:
 + Level 10.0 Fighting
 + Level 15.4 Axes
 + Level 9.0 Armour
 + Level 5.5 Dodging
 + Level 2.2 Stealth
 + Level 7.8 Shields
 + Level 1.1 Spellcasting
 + Level 1.2 Hexes


You had 12 spell levels left.
You knew the following spells:

 Your Spells              Type           Power      Damage    Failure   Level
a - Slow                  Hex            28%        N/A       34%         1

Your spell library contained the following spells:

 Spells                   Type           Power      Damage    Failure   Level
 Blink                    Tloc           2%         N/A       65%         2
 Poisonous Vapours        Pois/Air       2%         N/A       65%         2
 Confusing Touch          Hex            7%         N/A       71%         3
 Lesser Beckoning         Tloc           1%         N/A       86%         3
 Vampiric Draining        Necr           1%         2d6       86%         3
 Corpse Rot               Necr/Pois/Air  1%         N/A       99%         4
 Manifold Assault         Tloc           1%         N/A       100%        5


Dungeon Overview and Level Annotations

Branches:
Dungeon (11/15)            Temple (1/1) D:5            Lair (0/5) D:10
    Orc (2/2) D:11            Elf (0/3) Orc:2

Altars:
Ashenzari
Cheibriados
Dithmenos
Elyvilon
Fedhas
Gozag
Hepliaklqana
Kikubaaqudgha
Makhleb
Nemelex Xobeh
Okawaru
Qazlal
Ru
Sif Muna
Trog
Uskayaw
Vehumet
Wu Jian
Xom
Yredelemnul
Zin
The Shining One
Beogh

Shops:
D:3 (   D:6 :   D:10 =

Annotations:
Orc:2 Saint Roka


Innate Abilities, Weirdness & Mutations

You can walk on water.
You are partially covered in iridescent scales. (AC +2)
You sometimes lose your temper in combat.
Your mind is acute. (Int +4, Str/Dex -1)
Your muscles are strong. (Str +4, Int/Dex -1)
Your spells are a little harder to cast, but a little more powerful.


Message History

Your orc wizard casts a spell.
Your orc wizard flickers and vanishes for a moment.
You swap places.
Your warg bites the orc.
Your orc hits the orc with a +0 flail.
The orc dies!
Beogh accepts your kill.
An ogre comes into view. It is wielding a +0 giant club.
The orc closely misses your orc. The orc closely misses your orc wizard.
The orc barely misses your orc.
Your extra speed is starting to run out.
The orc misses your orc. The ogre barely misses your warg.
The orc hits your orc with a +0 flail.
Your orc dissolves into shadows!
The orc completely misses your orc.
Your orc wizard dissolves into shadows!
Your orc dissolves into shadows!
The ogre barely misses your warg.
Your orc hits the orc with a +0 hand axe.
The orc hits your orc with a +0 flail!
Your orc dies!
Your orc's corpse dissolves into shadows!
The ogre closely misses your warg.
You feel yourself slow down. The orc barely misses your orc.
Your orc hits the orc with a +0 short sword!
The orc dies!
Beogh accepts your kill.
Your orc warrior dissolves into shadows!
Your orc wizard no longer looks unusually strong.
Your orc no longer looks unusually strong.
The ogre hits your warg with a +0 giant club!!
Your warg dissolves into shadows!
Your orc no longer looks unusually strong.
Your orc barely misses the ogre.
The ogre hits you but does no damage.
Your orc hits the ogre with a +0 short sword.
Your orc warrior no longer looks unusually strong.
Your orc warrior dissolves into shadows!
Your orc dissolves into shadows! x2
The ogre hits you with a +0 giant club!!
You die...

.......#.....
............
...........# #
...........### ..
.............#...
.................
......).OOo.....#
.......).@o#
........#oo.#
............#
.............#
...............
...........#...#
............#.##
...............


You could see an ogre, a friendly orc knight (summoned), a friendly ogre
(summoned), 2 friendly orc wizards and a friendly orc.

Vanquished Creatures
  Harold (D:11)
  Erolcha (D:9)
  An orc knight (Orc:2)
  An ugly thing (D:11)
  2 cyclopes
  An unseen horror (D:9)
  A vampire (D:10)
  2 wraiths (D:10)
  6 yaks
  Grum (D:9)
  4 vampire mosquitoes (D:10)
  A steam dragon (D:9)
  An acid dragon (D:11)
  A warg (D:11)
  A water moccasin (D:8)
  2 sky beasts
  8 orc warriors
  An ice beast (D:7)
  2 black bears
  3 ogres
  4 wolves (D:9)
  2 centaurs (D:7)
  4 kobold brigands
  4 bullfrogs
  2 necrophages (D:5)
  2 gnoll sergeants
  2 scorpions
  9 wights
  23 killer bees
  5 howler monkeys
  3 jellies
  3 hounds
  2 orc priests
  Jessica (D:2)
  Ijyb (D:2)
  2 iguanas
  6 orc wizards
  A mummy (D:8)
  19 gnolls
  5 adders
  2 shadow imps (D:7)
  2 white imps
  2 dart slugs
  15 orcs
  4 endoplasms
  9 giant cockroaches
  14 goblins
  3 hobgoblins
  5 jackals
  23 kobolds
  3 quokkas
  6 ball pythons
  4 bats
  A frilled lizard (D:2)
  3 hobgoblin zombies (D:8)
  An orc zombie (D:8)
  2 rats
240 creatures vanquished.

Vanquished Creatures (collateral kills)
  A boulder beetle (D:11)
  An orc high priest (Orc:2)
  2 orc knights (Orc:2)
  2 cyclopes (D:11)
  A gargoyle (D:11)
  A wraith (D:11)
  A yak (D:11)
  A warg (Orc:2)
  6 orc warriors
  An ogre (Orc:1)
  6 orc priests
  3 orc wizards (Orc:2)
  13 orcs
  2 goblins (D:11)
41 creatures vanquished.

Vanquished Creatures (others)
  2 orc sorcerers (Orc:2)
  An orc knight (Orc:2)
  8 orc warriors (Orc:2)
  5 orc priests
  3 orc wizards
  19 orcs
  3 kobolds (D:8)
  3 fungi (D:7)
44 creatures vanquished.

Grand Total: 325 creatures vanquished

Notes
Turn   | Place    | Note
-------+----------+-------------------------------------------
     0 | D:1      | pacmanke6689 the Hill Orc Fighter began the quest for the
                  | Orb.
     0 | D:1      | Reached XP level 1. HP: 19/19 MP: 1/1
   475 | D:1      | Reached XP level 2. HP: 27/27 MP: 2/2
   869 | D:1      | Reached skill level 3 in Axes
  1037 | D:2      | Found a faded altar of an unknown god.
  1112 | D:2      | Noticed Jessica
  1118 | D:2      | Killed Jessica
  1119 | D:2      | Reached XP level 3. HP: 24/33 MP: 3/3
  1309 | D:2      | Reached skill level 4 in Axes
  1383 | D:2      | Reached XP level 4. HP: 30/40 MP: 4/4
  1518 | D:2      | Noticed Ijyb
  1541 | D:2      | Killed Ijyb
  1544 | D:2      | Reached XP level 5. HP: 47/47 MP: 5/5
  2270 | D:3      | Found Hafoss's Weapon Emporium.
  2385 | D:3      | Found a glowing golden altar of the Shining One.
  2416 | D:3      | Reached skill level 5 in Axes
  3123 | D:4      | Found a stormy altar of Qazlal.
  3147 | D:4      | Found a hide-covered altar of Uskayaw.
  3201 | D:4      | Reached XP level 6. HP: 33/53 MP: 6/6
  3618 | D:4      | You fall into a shaft and drop 3 floors!
  3618 | D:7      | Found a snail-covered altar of Cheibriados.
  3678 | D:7      | Noticed a sky beast
  3692 | D:7      | Killed a sky beast
  3693 | D:7      | Reached skill level 6 in Axes
  3781 | D:7      | Reached skill level 1 in Dodging
  3781 | D:7      | Reached XP level 7. HP: 60/60 MP: 7/7
  3825 | D:8      | Reached skill level 5 in Fighting
  3825 | D:8      | Reached skill level 5 in Armour
  3838 | D:8      | Became a worshipper of Beogh the Brigand
  3971 | D:8      | Reached skill level 7 in Axes
  3983 | D:8      | Reached XP level 8. HP: 27/69 MP: 8/8
  4018 | D:8      | Reached skill level 8 in Axes
  4210 | D:8      | Reached * piety under Beogh
  4257 | D:8      | Reached skill level 5 in Shields
  4572 | D:8      | Reached skill level 9 in Axes
  4916 | D:7      | Reached XP level 9. HP: 8/75 MP: 9/9
  4918 | D:7      | HP: 3/75 [gnoll/+0 flail[a gnoll sergeant] (6)]
  5126 | D:6      | Found Rufaat's Self-Improvement Boutique.
  5138 | D:6      | Reached skill level 10 in Axes
  5155 | D:6      | Identified the +5 war axe of the Gibberer {drain, rF++}
  5227 | D:6      | Found a sparkling altar of Nemelex Xobeh.
  5867 | D:5      | Entered Level 5 of the Dungeon
  5873 | D:5      | Reached skill level 1 in Stealth
  6001 | D:5      | Found a staircase to the Ecumenical Temple.
  6558 | Temple   | Entered the Ecumenical Temple
  6801 | D:7      | Found an ornate altar of the Wu Jian Council.
  6817 | D:7      | Reached skill level 11 in Axes
  7078 | D:7      | Reached ** piety under Beogh
  7117 | D:7      | Gained mutation: You are partially covered in iridescent
                  | scales. (AC +2) [potion of mutation]
  7117 | D:7      | Gained mutation: You sometimes lose your temper in combat.
                  | [potion of mutation]
  7117 | D:7      | Gained mutation: Your mind is acute. (Int +4, Str/Dex -1)
                  | [potion of mutation]
  7117 | D:7      | Gained mutation: You have hidden genetic potential. [potion
                  | of mutation]
  7357 | D:7      | Found a hazy altar of Hepliaklqana.
  7364 | D:7      | Found a radiant altar of Vehumet.
  7365 | D:7      | Found a shimmering blue altar of Sif Muna.
  7917 | D:8      | Reached XP level 10. HP: 85/86 MP: 10/10
  8480 | D:9      | Reached skill level 12 in Axes
  8672 | D:9      | Noticed Grum
  8691 | D:9      | Killed an unseen horror
  8701 | D:9      | Killed Grum
  8865 | D:9      | Gained mutation: Your muscles are strong. (Str +4, Int/Dex
                  | -1) [hidden potential]
  9198 | D:9      | Noticed Erolcha
  9211 | D:9      | Killed Erolcha
  9212 | D:9      | Reached skill level 13 in Axes
  9536 | D:9      | Found a sacrificial altar of Ru.
  9716 | D:9      | Identified the +6 scale mail "Mikaheh" {Int+5}
  9809 | D:10     | Entered Level 10 of the Dungeon
  9856 | D:10     | Reached *** piety under Beogh
 10280 | D:10     | Learned a level 1 spell: Slow
 10309 | D:10     | Reached XP level 11. HP: 95/95 MP: 11/11
 10353 | D:10     | Found Ceucresh's Jewellery Shop.
 10382 | D:10     | Noticed a cyclops
 10388 | D:10     | Killed a cyclops
 10389 | D:10     | Reached skill level 5 in Dodging
 10417 | D:10     | Found a staircase to the Lair.
 10551 | D:10     | Found a basalt altar of Yredelemnul.
 10895 | D:11     | Noticed Harold
 10907 | D:11     | Killed Harold
 10908 | D:11     | Reached skill level 14 in Axes
 10991 | D:11     | Found a staircase to the Orcish Mines.
 10992 | D:11     | Noticed a cyan ugly thing
 11000 | D:11     | Killed a cyan ugly thing
 11000 | D:11     | Gained Grimold as an ally
 11001 | D:11     | Gained mutation: Your spells are a little harder to cast,
                  | but a little more powerful. [hidden potential]
 11001 | D:11     | Lost mutation: You have hidden genetic potential. [hidden
                  | potential expressed]
 11094 | D:11     | Reached skill level 1 in Spellcasting
 11097 | D:11     | Reached **** piety under Beogh
 11098 | D:11     | Reached skill level 1 in Hexes
 11158 | D:11     | Noticed a cyclops
 11167 | D:11     | Killed a cyclops
 11433 | D:11     | Noticed a cyclops
 11442 | D:11     | Killed a cyclops
 11547 | D:11     | Noticed a boulder beetle
 11563 | D:11     | Killed a boulder beetle
 11563 | D:11     | Gained Koronagh as an ally
 11928 | D:11     | Noticed a cyclops
 11940 | D:11     | Killed a cyclops
 12086 | Orc:1    | Entered Level 1 of the Orcish Mines
 12099 | Orc:1    | Gained Thorok as an ally
 12316 | Orc:2    | Entered Level 2 of the Orcish Mines
 12316 | Orc:2    | Found a staircase to the Elven Halls.
 12942 | Orc:2    | Noticed an orc knight
 12944 | Orc:2    | Noticed an orc knight
 12947 | Orc:2    | Noticed an orc high priest
 12948 | Orc:2    | Noticed an orc sorcerer
 12953 | Orc:2    | Killed an orc knight
 12959 | Orc:2    | Noticed an orc knight
 12966 | Orc:2    | Killed an orc knight
 12966 | Orc:2    | Reached ***** piety under Beogh
 12967 | Orc:2    | Reached skill level 15 in Axes
 12969 | Orc:2    | Noticed an orc sorcerer
 12971 | Orc:2    | Gained Morguth as an ally
 12974 | Orc:2    | Your ally Morguth died
 12978 | Orc:2    | Gained Gorg as an ally
 12979 | Orc:2    | Killed an orc high priest
 12980 | Orc:2    | Reached skill level 10 in Fighting
 12980 | Orc:2    | Found a roughly hewn altar of Beogh.
 12980 | Orc:2    | Noticed Saint Roka
 12988 | Orc:2    | HP: 4/99 [Saint Roka/divine providence (9)]
 12988 | Orc:2    | Killed an orc knight
 12989 | Orc:2    | Reached XP level 12. HP: 4/106 MP: 13/13
 12989 | Orc:2    | Your ally Gorg died
 12994 | Orc:2    | Your ally Thorok died
 13007 | Orc:2    | Demolished by an ogre

Illustrated notes

Levels and vault maps discovered:
D:1:      amcnicky_arrival_feature_with_door, layout_basic
D:2:      kennysheep_the_goblin_king, layout_loops_cross,
          shapermc_ecumenical_altar_petra, uniq_jessica
D:3:      layout_basic, mainiacjoe_overflow_concentric_impassable, serial_shops,
          nicolae_shop_bloodbath_and_beyond, uniq_ijyb
D:4:      layout_loops_ring, nicolae_overflow_hidden_temple,
          nicolae_qazlal_scattered_showers
D:5:      layout_rooms, minmay_temple_entry_glass
D:6:      layout_gridville, marbit_many_paths, nicolae_shop_self_help
D:7:      layout_basic, lemuel_tele_altar, lemuel_crystal_altar, minitemple,
          dreamdust_gnoll_farm
D:8:      layout_gridville, minmay_mini_ossuary
D:9:      layout_basic, nicolae_ru_the_path_less_chosen, uniq_erolcha, uniq_grum
D:10:     layout_long_grid, lemuel_doored_altar, lair_entry_dummy, serial_shops,
          shop
D:11:     layout_gridville, erik_orc_4, uniq_harold
Temple:   minmay_temple_curvy_loop
Orc:1:    layout_caves, basic_altar
Orc:2:    grunt_orc_cross, layout_caves, basic_altar, serial_shops, shop

Skill      XL: |  1  2  3  4  5  6  7  8  9 10 11 |
---------------+----------------------------------+-----
Axes           | 3 4 5 6 7 9 11 13 15 | 15.4
Fighting       | 4 5 6 7 8 10 | 10.0
Armour         | 4 5 6 8 9 |  9.0
Shields        | 4 5 6 7 |  7.8
Dodging        | 1 2 3 4 5 |  5.5
Stealth        | 1 2 |  2.2
Spellcasting   | 1 |  1.1
Hexes          | 1 |  1.2

Action                   |  1- 3 |  4- 6 |  7- 9 | 10-12 || total
-------------------------+-------+-------+-------+-------++-------
Melee: War axe           |    58 |   151 |   241 |   255 ||   705
       Unarmed           |       |    11 |       |       ||    11
       Battleaxe         |       |       |    42 |       ||    42
 Cast: Slow              |       |       |       |     3 ||     3
Invok: Convert to Beogh  |       |       |     1 |       ||     1
  Use: Scroll            |     6 |     4 |     6 |     6 ||    22
       Potion            |     1 |     2 |    12 |     9 ||    24
Armor: Scale mail        |    18 |    41 |    98 |   104 ||   261
Dodge: Dodged            |    26 |   101 |   243 |   184 ||   554
Block: Buckler           |    12 |    33 |    79 |    83 ||   207
